 Dungeon Crawl Stone Soup version 0.31-a0-152-g6aa68a64a1 (webtiles) character file.

Game seed: 194467946338192787

816 qw the Shooter (level 7, 0/64 HPs)
             Began as a Naga Hunter on June 10, 2023.
             Was an Initiate of Okawaru.
             Slain by a black bear (4 damage)
             ... on level 6 of the Dungeon.
             The game lasted 00:01:26 (4369 turns).

qw the Shooter (Naga Hunter)                        Turns: 4369, Time: 00:01:26

Health: 0/64       AC:  3    Str: 11    XL:     7   Next: 94%
Magic:  7/7        EV: 10    Int:  9    God:    Okawaru [......]
Gold:   279        SH:  0    Dex: 17    Spells: 6/6 levels left

rFire   . . .        Y - +1 shortbow
rCold   + . .        (shield currently unavailable)
rNeg    + . .        c - +0 leather armour
rPois   +            (no helmet)
rElec   .            (no cloak)
rCorr   .            (no gloves)
SInv    +            (no barding)
Will    .....        (no amulet)
Stlth   ++           e - ring of positive energy
HPRegen 0.30/turn    m - ring of protection from cold
MPRegen 0.10/turn

%: no passive effects
@: very slow
A: AC +2, large, see invisible, deformed body, poison resistance, slowness 2,
spit poison 1, naga tail 1, weak 1
a: Spit Poison, Renounce Religion


You were on level 6 of the Dungeon.
You worshipped Okawaru.
Okawaru was noncommittal.
You visited 1 branch of the dungeon, and saw 6 of its levels.

You collected 279 gold pieces.


Innate Abilities, Weirdness & Mutations

Your serpentine skin is tough. (AC +2)
You have supernaturally acute eyesight. (SInv)
Armour fits poorly on your strangely shaped body.
Your system is resistant to poisons. (rPois)
You cover ground very slowly.
You can spit poison.
You have a snake-like lower body.
You are weak. (Str -2)


   Skills:
 - Level 4.2 Fighting
 + Level 7.8 Ranged Weapons
 - Level 2.1 Dodging
 - Level 1.5 Stealth


You had 6 spell levels left.
You didn't know any spells.
Your spell library was empty.

Inventory:

Hand Weapons
 Y - a +1 shortbow (weapon)
Armour
 c - a +0 leather armour (worn)
Jewellery
 e - a ring of positive energy (left hand)
 m - a ring of protection from cold (right hand)
Scrolls
 p - a scroll of noise {unknown}
Potions
 a - 3 potions of berserk rage {unknown}
 b - a potion of cancellation {unknown}
 d - 3 potions of mutation
 f - a potion of haste {unknown}
 g - a potion of invisibility {unknown}
 h - a potion of magic {unknown}
 i - a potion of attraction {unknown}
 j - a potion of heal wounds {unknown}
 k - a potion of curing {unknown}
 l - a potion of might {unknown}
 n - 2 potions of lignification {unknown}
 o - a potion of degeneration {unknown}

Dungeon Overview and Level Annotations

Branches:
Dungeon (6/15)
 Temple: D:4-7

Altars:
Hepliaklqana
Nemelex Xobeh
Okawaru
Ru
Vehumet
Wu Jian
The Shining One

Shops:
D:3 !

Annotations:
D:1 1 transporter


Message History

4363 ||| INVOKING Spit Poison.
Aiming: Spit Poison (1% risk of failure)
Press: ? - help, Shift-Dir - straight line, f/p - hound The splash of poison hits the hound.
The hound is lightly wounded.
The hound bites you.
The orc hits you from afar with a +0 trident.
The orc closely misses you. The orc hits you with a +0 club.
The hound bites you but does no damage.
You shoot an arrow. The arrow hits the hound.
The hound is heavily wounded.
The hound barely misses you. The orc closely misses you. x3
You shoot an arrow. The arrow hits the hound.
The hound is severely wounded.
The hound bites you but does no damage.
The orc hits you from afar with a +0 trident.
The orc barely misses you. x2; The hound bites you but does no damage.
You shoot an arrow.
The arrow hits the hound but does no damage.
The hound is severely wounded.
The hound bites you but does no damage.
The orc hits you from afar with a +0 trident.
The orc closely misses you. The orc hits you with a +0 mace.
You shoot an arrow. The arrow hits the hound.
You kill the hound!
Okawaru accepts your kill. The black bear barely misses you.
The black bear claws you.
The black bear claws you but does no damage.
The orc hits you from afar with a +0 trident.
The orc hits you with a +0 mace. The orc hits you with a +0 club.
You shoot an arrow.
The arrow closely misses the black bear.
The black bear barely misses you. The black bear closely misses you.
The black bear barely misses you. The orc barely misses you.
The orc closely misses you. The orc hits you but does no damage.
You shoot an arrow. The arrow hits the black bear!
The black bear is heavily wounded.
You have got your breath back.
The black bear misses you. The black bear claws you.
You die...

###############
#..............
.########.#############
............#
............#
............#
#.########.####..
......oo..........
.....o%@..........
##....h########...
#..... .. #..... #.....
#...... #...... #......


You could see a black bear and 3 orcs.

Vanquished Creatures
  A centaur (D:5)
  Blork the orc (D:4)
  A bullfrog (D:5)
  2 hounds
  5 orc priests
  A jelly (D:4)
  4 iguanas
  3 orc wizards
  3 gnolls (D:2)
  8 adders
  3 worms
  2 dart slugs
  10 orcs
  6 bats
  8 endoplasms
  4 giant cockroaches
  7 goblins
  2 hobgoblins
  3 jackals (D:4)
  6 kobolds
  3 quokkas (D:4)
  5 ball pythons
  4 frilled lizards
  6 rats
98 creatures vanquished.

Notes
Turn   | Place    | Note
-------+----------+-------------------------------------------
     0 | D:1      | qw the Naga Hunter began the quest for the Orb.
     0 | D:1      | Reached XP level 1. HP: 19/19 MP: 1/1
     0 | D:1      | 0 ||| qw: Version: 0.2-a-122-gbc61b45
     0 | D:1      | 0 ||| qw: Game counter: 3504
     0 | D:1      | 0 ||| qw: Always use a shield: true
     0 | D:1      | 0 ||| qw: God list: Okawaru
     0 | D:1      | 0 ||| qw: Allow faded altars: false
     0 | D:1      | 0 ||| qw: Do Orc after D:15 true
     0 | D:1      | 0 ||| qw: Do second Lair branch before Depths: true
     0 | D:1      | 0 ||| qw: Lair rune preference: random
     0 | D:1      | 0 ||| qw: Plans: Normal
     0 | D:1      | 0 ||| PLANNING D:1-11
     5 | D:1      | 5 ||| INVOKING Spit Poison.
    48 | D:1      | 48 ||| INVOKING Spit Poison.
    82 | D:1      | 82 ||| INVOKING Spit Poison.
    86 | D:1      | 86 ||| FLEEEEING.
    89 | D:1      | 89 ||| FLEEEEING.
    90 | D:1      | 90 ||| INVOKING Spit Poison.
    91 | D:1      | Reached skill level 4 in Ranged Weapons
    91 | D:1      | Reached XP level 2. HP: 25/26 MP: 2/2
   134 | D:1      | 134 ||| INVOKING Spit Poison.
   181 | D:1      | 181 ||| INVOKING Spit Poison.
   218 | D:1      | 218 ||| INVOKING Spit Poison.
   251 | D:1      | 251 ||| INVOKING Spit Poison.
   298 | D:1      | 298 ||| INVOKING Spit Poison.
   303 | D:1      | 303 ||| INVOKING Spit Poison.
   426 | D:1      | 426 ||| INVOKING Spit Poison.
   431 | D:1      | 431 ||| INVOKING Spit Poison.
   437 | D:1      | 437 ||| INVOKING Spit Poison.
   438 | D:1      | Reached XP level 3. HP: 32/32 MP: 3/3
   444 | D:1      | 444 ||| INVOKING Spit Poison.
   577 | D:1      | 577 ||| DRINKING 4 white potions.
   577 | D:1      | Gained mutation: You are weak. (Str -2) [potion of
                  | mutation]
   578 | D:1      | 578 ||| DROPPING scroll of butterflies.
   635 | D:2      | 635 ||| INVOKING Spit Poison.
   638 | D:2      | 638 ||| INVOKING Spit Poison.
   642 | D:2      | 642 ||| INVOKING Spit Poison.
   651 | D:2      | 651 ||| INVOKING Spit Poison.
   705 | D:2      | 705 ||| INVOKING Spit Poison.
   721 | D:2      | 721 ||| INVOKING Spit Poison.
   734 | D:2      | 734 ||| INVOKING Spit Poison.
   773 | D:2      | 773 ||| INVOKING Spit Poison.
   776 | D:2      | Reached skill level 5 in Ranged Weapons
   776 | D:2      | Reached XP level 4. HP: 39/39 MP: 4/4
   786 | D:2      | 786 ||| INVOKING Spit Poison.
   819 | D:2      | 819 ||| INVOKING Spit Poison.
   825 | D:2      | 825 ||| INVOKING Spit Poison.
   860 | D:2      | 860 ||| INVOKING Spit Poison.
   864 | D:2      | 864 ||| INVOKING Spit Poison.
   972 | D:2      | Found a faded altar of an unknown god.
  1052 | D:2      | 1052 ||| INVOKING Spit Poison.
  1269 | D:2      | 1269 ||| UPGRADING to ring of positive energy.
  1270 | D:2      | 1270 ||| READING scroll labelled EXZUW EJENELEM.
  1271 | D:2      | 1271 ||| READING scroll labelled IKAEHE NE BORE.
  1272 | D:2      | 1272 ||| READING 2 scrolls labelled ZAZUANI WEWU.
  1273 | D:2      | 1273 ||| DRINKING 2 red potions.
  1274 | D:2      | 1274 ||| DROPPING potion of brilliance.
  1275 | D:2      | 1275 ||| DROPPING scroll of magic mapping.
  1290 | D:3      | 1290 ||| INVOKING Spit Poison.
  1295 | D:3      | 1295 ||| INVOKING Spit Poison.
  1298 | D:3      | Reached skill level 3 in Fighting
  1328 | D:3      | Found Vatunt's Distillery.
  1343 | D:3      | 1343 ||| SHOPLISTING potion of haste (140 gold, have 121).
  1370 | D:3      | 1370 ||| INVOKING Spit Poison.
  1372 | D:3      | Reached XP level 5. HP: 49/49 MP: 5/5
  1381 | D:3      | Found a radiant altar of Vehumet.
  1446 | D:3      | 1446 ||| INVOKING Spit Poison.
  1451 | D:3      | 1451 ||| INVOKING Spit Poison.
  1465 | D:3      | 1465 ||| INVOKING Spit Poison.
  1469 | D:3      | 1469 ||| INVOKING Spit Poison.
  1472 | D:3      | 1472 ||| INVOKING Spit Poison.
  1517 | D:3      | 1517 ||| INVOKING Spit Poison.
  1571 | D:3      | 1571 ||| INVOKING Spit Poison.
  1593 | D:3      | 1593 ||| Stepping ~*~*~tactically~*~*~ (outnumbered).
  1595 | D:3      | 1595 ||| Stepping ~*~*~tactically~*~*~ (outnumbered).
  1597 | D:3      | 1597 ||| Stepping ~*~*~tactically~*~*~ (outnumbered).
  1599 | D:3      | 1599 ||| Stepping ~*~*~tactically~*~*~ (outnumbered).
  1600 | D:3      | 1600 ||| INVOKING Spit Poison.
  1606 | D:3      | 1606 ||| INVOKING Spit Poison.
  1610 | D:3      | 1610 ||| INVOKING Spit Poison.
  1746 | D:3      | 1746 ||| INVOKING Spit Poison.
  1753 | D:3      | 1753 ||| INVOKING Spit Poison.
  1904 | D:3      | 1904 ||| INVOKING Spit Poison.
  2006 | D:3      | 2006 ||| INVOKING Spit Poison.
  2079 | D:3      | 2079 ||| READING scroll labelled DICZAE FUDULL.
  2080 | D:3      | 2080 ||| READING scroll labelled HURGHE FITEQAIW.
  2081 | D:3      | 2081 ||| READING scroll labelled SOQORI HODWUOSHRI.
  2182 | D:4      | 2182 ||| INVOKING Spit Poison.
  2214 | D:4      | Reached XP level 6. HP: 56/56 MP: 6/6
  2216 | D:4      | 2216 ||| INVOKING Spit Poison.
  2222 | D:4      | 2222 ||| INVOKING Spit Poison.
  2226 | D:4      | 2226 ||| INVOKING Spit Poison.
  2228 | D:4      | Reached skill level 6 in Ranged Weapons
  2254 | D:4      | 2254 ||| INVOKING Spit Poison.
  2273 | D:4      | Noticed Blork the orc
  2275 | D:4      | 2275 ||| INVOKING Spit Poison.
  2281 | D:4      | 2281 ||| INVOKING Spit Poison.
  2282 | D:4      | HP: 13/56 [Blork the orc/+0 scimitar (6)]
  2285 | D:4      | 2285 ||| INVOKING Spit Poison.
  2285 | D:4      | Killed Blork the orc
  2500 | D:4      | 2500 ||| INVOKING Spit Poison.
  2534 | D:4      | 2534 ||| INVOKING Spit Poison.
  2542 | D:4      | 2542 ||| INVOKING Spit Poison.
  2547 | D:4      | 2547 ||| INVOKING Spit Poison.
  2559 | D:4      | Found an iron altar of Okawaru.
  2560 | D:4      | 2560 ||| PLANNING OKAWARU WORSHIP
  2560 | D:4      | 2560 ||| DROPPING ring of wizardry.
  2561 | D:4      | 2561 ||| READING scroll labelled ADOONICEHU.
  2566 | D:4      | 2566 ||| READING scroll labelled ATUANT GILEITE.
  2584 | D:4      | 2584 ||| INVOKING Spit Poison.
  2587 | D:4      | 2587 ||| INVOKING Spit Poison.
  2589 | D:4      | Found a sacrificial altar of Ru.
  2589 | D:4      | Found a sparkling altar of Nemelex Xobeh.
  2589 | D:4      | Found an ornate altar of the Wu Jian Council.
  2593 | D:4      | Became a worshipper of Warmaster Okawaru
  2593 | D:4      | 2593 ||| PLANNING D:1-11
  2599 | D:4      | Found a hazy altar of Hepliaklqana.
  2604 | D:4      | Found a glowing golden altar of the Shining One.
  2660 | D:5      | Entered Level 5 of the Dungeon
  2662 | D:5      | 2662 ||| INVOKING Spit Poison.
  2669 | D:5      | 2669 ||| INVOKING Spit Poison.
  2809 | D:5      | 2809 ||| INVOKING Spit Poison.
  2815 | D:5      | 2815 ||| INVOKING Spit Poison.
  2818 | D:5      | Reached XP level 7. HP: 64/64 MP: 7/7
  2819 | D:5      | 2819 ||| Stepping ~*~*~tactically~*~*~ (outnumbered).
  2820 | D:5      | 2820 ||| Stepping ~*~*~tactically~*~*~ (outnumbered).
  2821 | D:5      | 2821 ||| INVOKING Spit Poison.
  2826 | D:5      | 2826 ||| INVOKING Spit Poison.
  2829 | D:5      | 2829 ||| INVOKING Spit Poison.
  2835 | D:5      | 2835 ||| INVOKING Spit Poison.
  2835 | D:5      | HP: 12/64 [orc priest/+0 club (6)]
  2839 | D:5      | 2839 ||| INVOKING Spit Poison.
  3062 | D:5      | 3062 ||| INVOKING Spit Poison.
  3065 | D:5      | 3065 ||| INVOKING Spit Poison.
  3086 | D:5      | 3086 ||| INVOKING Spit Poison.
  3110 | D:5      | 3110 ||| INVOKING Spit Poison.
  3117 | D:5      | 3117 ||| INVOKING Spit Poison.
  3123 | D:5      | Reached skill level 7 in Ranged Weapons
  3166 | D:5      | 3166 ||| INVOKING Spit Poison.
  3169 | D:5      | Reached * piety under Okawaru
  3400 | D:5      | 3400 ||| INVOKING Spit Poison.
  3403 | D:5      | 3403 ||| INVOKING Heroism.
  3406 | D:5      | HP: 14/64 [centaur/arrow (11)]
  3407 | D:5      | 3407 ||| READING scroll of teleportation.
  3407 | D:5      | HP: 1/64 [centaur/arrow (9)]
  3408 | D:5      | 3408 ||| INVOKING Spit Poison.
  4012 | D:5      | 4012 ||| UPGRADING to ring of protection from cold.
  4013 | D:5      | 4013 ||| READING scroll labelled LUAFEI NYS MEG.
  4070 | D:6      | 4070 ||| INVOKING Spit Poison.
  4073 | D:6      | 4073 ||| INVOKING Spit Poison.
  4077 | D:6      | 4077 ||| INVOKING Spit Poison.
  4082 | D:6      | 4082 ||| INVOKING Spit Poison.
  4352 | D:6      | 4352 ||| INVOKING Spit Poison.
  4358 | D:6      | 4358 ||| INVOKING Spit Poison.
  4363 | D:6      | 4363 ||| INVOKING Spit Poison.
  4366 | D:6      | HP: 15/64 [orc/+0 mace (5)]
  4367 | D:6      | HP: 6/64 [orc/+0 mace (3)]
  4369 | D:6      | Slain by a black bear

Levels and vault maps discovered:
D:1:      spicycebolla_arrival_risky_transporter, layout_loops_cross
D:2:      layout_basic, hellmonk_ecumenical_altar_run_dry
D:3:      layout_loops_ring, vehumet_crystals, serial_shops, shop_coins
D:4:      layout_rooms, minmay_overflow_temple_hex, uniq_blork_the_orc
D:5:      layout_loops_corners, st_stairs_8, guppyfry_early_lair_pool
D:6:      layout_basic, grunt_temple_overflow_champion_of_chaos,
          mainiacjoe_overflow_small_starburst, minmay_temple_entry_large_hall,
          serial_shops, nicolae_shop_competitors_out_of_business

Skill      XL: |  1  2  3  4  5  6  7 |
---------------+----------------------+-----
Ranged Weapons | 4 5 6 7 |  7.8
Fighting       | 3 4 |  4.2
Dodging        | 2 |  2.1
Stealth        | |  1.5

Action                     |  1- 3 |  4- 6 |  7- 9 || total
---------------------------+-------+-------+-------++-------
   Fire: Shortbow          |    46 |   113 |    65 ||   224
 Invoke: Heroism           |       |       |     1 ||     1
Ability: Spit Poison       |    22 |    41 |    20 ||    83
    Use: Potion            |     1 |     1 |       ||     2
         Scroll            |       |     8 |     2 ||    10
 Armour: Leather armour    |     3 |     1 |    17 ||    21
  Dodge: Dodged            |     6 |    23 |    46 ||    75

Table legend:
 A = Non-vault XP
 B = Vault XP
 C = Vault XP percentage of total XP
 D = Non-vault monster count
 E = Vault monster count
 F = Vault count percentage of total count
                 A         B        C        D         E       F
            +---------+---------+-------+---------+---------+-------
      Total |     942 |     224 |  19.2 |      93 |       5 |   5.1
            +---------+---------+-------+---------+---------+-------
        D:1 |      37 |       0 |   0.0 |      22 |       0 |   0.0
        D:2 |      90 |       0 |   0.0 |      20 |       0 |   0.0
        D:3 |     184 |       0 |   0.0 |      21 |       0 |   0.0
        D:4 |     123 |      94 |  43.3 |      18 |       1 |   5.3
        D:5 |     392 |     130 |  24.9 |       9 |       4 |  30.8
        D:6 |     116 |       0 |   0.0 |       3 |       0 |   0.0
            +---------+---------+-------+---------+---------+-------
